 Dungeon Crawl Stone Soup version 0.21-a0-184-g9126a74 (webtiles) character file.

239 Jeffwins the Insei (level 6, -8/39 HPs)
             Began as an Octopode Transmuter on Aug 12, 2017.
             Mangled by Blomdor's ghost (10 damage)
             ... on level 3 of the Dungeon.
             The game lasted 00:06:16 (3401 turns).

Jeffwins the Insei (Octopode Transmuter)            Turns: 3401, Time: 00:06:16

Health: -8/39      AC:  1    Str:  9    XL:     6   Next: 7%
Magic:  10/10      EV: 14    Int: 17    God:
Gold:   108        SH:  0    Dex: 13    Spells: 4/10 levels left

rFire    . . .     SeeInvis .     - Unarmed
rCold    . . .     Gourm    .   (no shield)
rNeg     . . .     Faith    .   (helmet restricted)
rPois    .         Spirit   .   (no amulet)
rElec    .         Reflect  .   (no ring)
rCorr    .         Harm     .   (no ring)
MR       .....                  (no ring)
Stlth    ++........             (no ring)
HPRegen  0.13/turn              (no ring)
MPRegen  0.12/turn              (no ring)
                                (no ring)
                                (no ring)

@: appendage
A: almost no armour, stealthy swim, amphibious, 8 rings, constrict 8, tentacle
spike 3, camouflage 1, gelatinous body 1
a: End Transformation


You were on level 3 of the Dungeon.
You were not hungry.
One of your tentacles had a temporary spike.
You visited 1 branch of the dungeon, and saw 3 of its levels.

You collected 108 gold pieces.

Inventory:

Missiles
 a - 44 arrows
Wands
 p - a wand of enslavement (3/24)
Scrolls
 d - 3 scrolls of identify {unknown}
 e - a scroll of blinking {unknown}
 f - a scroll of enchant armour {unknown}
 g - 3 scrolls of noise {unknown}
 m - 2 scrolls of amnesia {unknown}
Potions
 h - 3 potions of curing {unknown}
 j - 2 potions of haste {unknown}
 k - a potion of flight {unknown}
 l - a potion of agility {unknown}
 n - a potion of heal wounds {unknown}
 o - a potion of brilliance {unknown}
Books
 b - a book of Changes

   Spells                             Type                      Level
   a - Beastly Appendage              Transmutation                1
   b - Sticks to Snakes               Transmutation                2
   c - Spider Form                    Transmutation/Poison         3
   d - Ice Form                       Ice/Transmutation            4
   e - Blade Hands                    Transmutation                5
Comestibles
 c - 3 bread rations
 i - a chunk of flesh
 q - 6 fruits


   Skills:
 + Level 2.1 Fighting
 + Level 3.0 Dodging
 * Level 4.6 Unarmed Combat
 + Level 2.7 Spellcasting
 * Level 3.2 Transmutations


You had 4 spell levels left.
You knew the following spells:

 Your Spells              Type           Power        Failure   Level  Hunger
a - Beastly Appendage     Tmut           ##....       4%          1    #......
b - Blade Hands           Tmut           ##........   78%         5    ######.


Dungeon Overview and Level Annotations

Branches:
Dungeon (3/15)

Altars:
Kikubaaqudgha
Okawaru

Annotations:
D:3 Blomdor's ghost, amateur OpGl


Innate Abilities, Weirdness & Mutations

You cannot wear most types of armour.
You are very stealthy in the water. (Stealth+)
You are amphibious.
You can wear up to eight rings at the same time.
You can use your tentacles to constrict eight enemies at once.
Your skin changes colour to match your surroundings (Stealth+).
Your rubbery body absorbs attacks. (AC +1, EV +1)
One of your tentacles bears a large vicious spike.


Message History

There is a stone staircase leading up, spattered with blood here.
You tentacle-slap Blomdor's ghost.
You squeeze Blomdor's ghost, but do no damage.
Blomdor's ghost is lightly damaged.
You bludgeon Blomdor's ghost! You squeeze Blomdor's ghost!
Blomdor's ghost is severely damaged.
Blomdor's ghost hits you!
You tentacle-slap Blomdor's ghost.
Blomdor's ghost is almost destroyed.
Blomdor's ghost hits you.
You tentacle-slap Blomdor's ghost.
You pierce Blomdor's ghost.
Blomdor's ghost is almost destroyed.
Blomdor's ghost hits you!
* * * LOW HITPOINT WARNING * * *
Unknown command.
You tentacle-slap Blomdor's ghost but do no damage.
Your tentacle spike misses Blomdor's ghost.
Blomdor's ghost is almost destroyed.
Blomdor's ghost hits you!
You die...

#....# #....# #########
#######....#
........###..........############
.(.##.........................#
#.#...........####.####.......
###)..####.......###.###........
##....>..........................
...#####.......W@......##.)......
..####.................##........
#................................
######.......>..........#........
# #..........)......♣.♣♣...... #
##................♣♣♣.♣...... #
#...#.###...##.♣♣.♣ ♣♣♣♣.... #
#..##.# #)#..#..♣♣♣ ....
#####..##.###.##....♣ ...


You could see Blomdor's ghost.

Vanquished Creatures
  An orc wizard (D:3)
  Jessica (D:2)
  Ijyb (D:3)
  Terence (D:2)
  4 gnolls (D:2)
  An adder (D:2)
  An ooze (D:1)
  4 worms (D:2)
  3 dart slugs
  A leopard gecko (D:3)
  4 orcs
  8 bats
  4 giant cockroaches
  6 goblins
  4 hobgoblins
  3 jackals (D:1)
  3 kobolds
  3 ball pythons
  8 frilled lizards
  3 rats (D:2)
64 creatures vanquished.

Notes
Turn   | Place    | Note
-------+----------+-------------------------------------------
     0 | D:1      | Jeffwins the Octopode Transmuter began the quest for the Orb.
     0 | D:1      | Reached XP level 1. HP: 13/13 MP: 3/3
   192 | D:1      | Reached XP level 2. HP: 16/18 MP: 5/5
   601 | D:1      | Reached XP level 3. HP: 13/23 MP: 6/6
   961 | D:2      | Found an ancient bone altar of Kikubaaqudgha.
   963 | D:2      | Noticed Jessica
   967 | D:2      | Killed Jessica
  1036 | D:2      | Reached XP level 4. HP: 26/28 MP: 7/7
  1039 | D:2      | Found an iron altar of Okawaru.
  1803 | D:2      | Noticed Terence
  1820 | D:2      | Killed Terence
  1820 | D:2      | Reached skill level 4 in Unarmed Combat
  2046 | D:3      | Reached XP level 5. HP: 33/33 MP: 8/8
  2065 | D:3      | Noticed Ijyb
  2402 | D:2      | Learned a level 5 spell: Blade Hands
  2427 | D:3      | Killed Ijyb
  2970 | D:2      | Reached XP level 6. HP: 11/39 MP: 8/10
  3183 | D:3      | Noticed Blomdor's ghost (amateur OpGl)
  3401 | D:3      | Mangled by Blomdor's ghost

Vault maps used:
D:1:      zelgadis_glass_arrival_small
D:2:      nicolae_overflow_crystal_walls, roderic_lattice_a, okawaru_gym_becter,
          uniq_jessica, uniq_terence
D:3:      chequers_ecumenical_altar_grove, uniq_ijyb

Skill      XL: |  1  2  3  4  5 |
---------------+----------------+-----
Unarmed Combat | 4 |  4.6
Transmutations | 3 |  3.2
Fighting       | 2 |  2.1
Dodging        | 3 |  3.0
Spellcasting   | |  2.7

Action                   |  1- 3 |  4- 6 || total
-------------------------+-------+-------++-------
Melee: Unarmed           |    46 |   129 ||   175
       Constrict         |    11 |    33 ||    44
       Tentacles         |     6 |    27 ||    33
       Punch             |     2 |       ||     2
       Kick              |     1 |    13 ||    14
 Cast: Beastly Appendage |     1 |     8 ||     9
  Use: Potion            |       |     1 ||     1
 Stab: Sleeping          |     3 |     4 ||     7
  Eat: Chunk             |       |     8 ||     8
Armor: Skin              |     3 |    14 ||    17
Dodge: Dodged            |    28 |   112 ||   140
